 Dungeon Crawl Stone Soup version 0.28-a0-1395-g4f6bc678fa (webtiles) character file.

Game seed: 11172441670052647763

5163 browni3141 the Impaler (level 10, -8/77 HPs)
             Began as a Merfolk Gladiator on Jan 5, 2022.
             Was a Plaything of Xom.
             Mangled by a guardian serpent (shapeshifter) (17 damage)
             ... on level 10 of the Dungeon.
             The game lasted 00:16:47 (10870 turns).

browni3141 the Impaler (Merfolk Gladiator)         Turns: 10870, Time: 00:16:48

Health: -8/77      AC: 10    Str: 17    XL:     10   Next: 59%
Magic:  1/10       EV: 18    Int:  9    God:    Xom [...*..]
Gold:   308        SH:  6    Dex: 21    Spells: 9/9 levels left

rFire   . . .      SeeInvis +   a - +1 trident
rCold   . . .      Faith    .   J - +0 buckler "Hyrurgh" {Dex+4}
rNeg    + + .      Spirit   .   f - +2 leather armour {rPois}
rPois   +          Reflect  .   c - +0 helmet
rElec   +          Harm     .   O - +0 cloak {rCorr}
rCorr   +          Rampage  .   B - +0 pair of gloves
Will    .....                   H - +1 pair of boots
Stlth   ++++......              (no amulet)
HPRegen 0.22/turn               h - ring "Viapao" {rElec rN++ rCorr Str-3 SInv}
MPRegen 0.12/turn               k - +6 ring of strength

@: lethally poisoned (-8 -> -10)
A: (nimble swimmer 2), mertail, clumsy 1, MP-powered wands
a: Renounce Religion


You were on level 10 of the Dungeon.
You worshipped Xom.
You were a favourite toy of Xom.
You visited 2 branches of the dungeon, and saw 11 of its levels.

You collected 668 gold pieces.
You spent 360 gold pieces at shops.

Inventory:

Hand Weapons
 a - a +1 trident (weapon)
Missiles
 e - 254 stones
 n - 40 poisoned darts
 t - a throwing net (quivered)
 u - 4 boomerangs
Armour
 b - a +0 leather armour
 c - a +0 helmet (worn)
 f - a +2 leather armour of poison resistance (worn)
 s - a +2 buckler
 B - a +0 pair of gloves (worn)
 H - a +1 pair of boots (worn)
 J - the +0 buckler "Hyrurgh" (worn) {Dex+4}
   (You bought it in a shop on level 1 of the Dungeon)

   Dex:       It affects your dexterity (+4).
 O - a +0 cloak of preservation (worn)
Jewellery
 h - the ring "Viapao" (left hand) {rElec rN++ rCorr Str-3 SInv}
   (You acquired it on level 9 of the Dungeon)

   [ring of see invisible]

   Str:       It affects your strength (-3).
   rElec:     It insulates you from electricity.
   rN:        It greatly protects you from negative energy.
   SInv:      It lets you see invisible.
   rCorr:     It protects you from acid and corrosion.
 k - a +6 ring of strength (right hand)
 r - a ring of resist corrosion
 y - a +4 ring of protection
 F - a ring of flight
Wands
 d - a wand of flame (45)
 l - a wand of polymorph (12)
 w - a wand of charming (2)
 K - a wand of paralysis (3)
 N - a wand of acid (10)
 P - a wand of mindburst (10)
Scrolls
 g - 2 scrolls of torment
 m - a scroll of amnesia
 p - 2 scrolls of teleportation
 x - a scroll of blinking
 A - 2 scrolls of enchant weapon
 C - a scroll of enchant armour
 D - 2 scrolls of holy word
 E - a scroll of magic mapping
 G - a scroll of immolation
Potions
 i - 2 potions of mutation
 j - 7 potions of curing
 o - 2 potions of invisibility {unknown}
 q - 2 potions of brilliance
 v - a potion of berserk rage {unknown}
 z - 2 potions of heal wounds {unknown}
 I - a potion of haste {unknown}
 M - a potion of degeneration {unknown}
 Q - a potion of might {unknown}
Miscellaneous
 L - a phantom mirror


   Skills:
 + Level 6.7 Fighting
 * Level 15.5 Polearms
 - Level 2.0 Throwing
 + Level 8.6 Dodging
 + Level 6.8 Stealth
 - Level 4.0 Shields


You had 9 spell levels left.
You didn't know any spells.
Your spell library contained the following spells:

 Spells                   Type           Power      Damage    Failure   Level
 Sandblast                Erth           0%         2d4       45%         1
 Passwall                 Tmut/Erth      0%         N/A       58%         2
 Static Discharge         Conj/Air       0%         N/A       58%         2
 Stone Arrow              Conj/Erth      0%         3d7       83%         3
 Summon Lightning Spire   Summ/Air       0%         N/A       99%         4
 Fireball                 Conj/Fire      0%         3d3       100%        5
 Iskenderun's Battlesphe  Conj           0%         2d6       100%        5
 Lightning Bolt           Conj/Air       0%         1d11      100%        5
 Conjure Ball Lightning   Conj/Air       0%         3x3d6     100%        6
 Orb of Destruction       Conj           0%         N/A       100%        7
 Storm Form               Tmut/Air       0%         N/A       100%        7
 Maxwell's Capacitive Co  Air            0%         ∞         100%        8
 Chain Lightning          Conj/Air       0%         N/A       100%        9
 Fire Storm               Conj/Fire      0%         5d1       100%        9
 Shatter                  Erth           0%         3d5*      100%        9


Dungeon Overview and Level Annotations

Branches:
Dungeon (10/15)            Temple (1/1) D:6
   Lair: D:8-11         Orc: D:9-12

Altars:
Ashenzari
Cheibriados
Dithmenos
Elyvilon
Fedhas
Gozag
Hepliaklqana
Kikubaaqudgha
Makhleb
Okawaru
Qazlal
Ru
Sif Muna
Trog
Uskayaw
Vehumet
Wu Jian
Xom
Yredelemnul
The Shining One

Shops:
D:1 [(*!


Innate Abilities, Weirdness & Mutations

((You are very nimble when in or above water. (Stealth+, EV+, Speed+++)))
Your lower body shifts to a powerful aquatic tail in water.
You are clumsy. (Dex -2)
You expend magic power (3 MP) to strengthen your wands.


Message History

Unknown command.
Aiming: Corrosive Bolt
Press: ? - help, Shift-Dir - straight line, f - guardian serpent, p - killer bee
Aim: a guardian serpent shaped shifter (ally target, 57% to hit)
The bolt of acid hits the guardian serpent!
The acid corrodes the guardian serpent!
The guardian serpent is moderately wounded.
The bolt of acid hits the killer bee!
The acid corrodes the killer bee!
The killer bee is heavily wounded.
You feel sick. The killer bee misses your killer bee.
Your killer bee misses the guardian serpent.
The guardian serpent hits you but does no damage.
The killer bee barely misses your killer bee.
Your killer bee closely misses the guardian serpent.
That's the wrong kind of item! (Use * to select it.) Evoke which item? (* to show all) (? for menu, Esc to quit)
Aiming: Corrosive Bolt
Press: ? - help, Shift-Dir - straight line, f/p - guardian serpent
Aim: a guardian serpent shaped shifter (moderately wounded, covered in acid, ally target, 57% to hit)
The bolt of acid misses the guardian serpent.
The bolt of acid misses the killer bee.
You feel sick.
The killer bee closely misses your killer bee.
Your killer bee barely misses the guardian serpent.
The guardian serpent misses you. The killer bee misses your killer bee.
Your killer bee barely misses the guardian serpent.
The guardian serpent hits you!
* * * LOW HITPOINT WARNING * * *
Unknown command.
Aiming: Corrosive Bolt
Press: ? - help, Shift-Dir - straight line, f/p - guardian serpent
Aim: a guardian serpent shaped shifter (moderately wounded, covered in acid, ally target, 57% to hit)
The bolt of acid hits the guardian serpent!
The guardian serpent seems to be corroded for longer.
The guardian serpent is heavily wounded.
The bolt of acid misses the killer bee.
You feel sick.
The killer bee stings your killer bee but does no damage.
Your killer bee closely misses the killer bee.
The guardian serpent hits you!
You die...
Xom laughs nastily!

# #### #####...
########## #.......
#........###.######
. #........##..#
... #........##.##
.....##y.......#..#
......yS@........##
.......####......#
.....## #..###.## #
#..# ##.## ##.###
## ## #.##
##..####. ###
##.....# #.####.
### #


You could see a guardian serpent shaped shifter (corroded), a killer bee
(corroded, ally target) and a friendly killer bee (charmed).

Vanquished Creatures
  A two-headed ogre (D:9)
  Pikel (D:6)
  Grinder (D:6)
  A troll (D:9)
  Sigmund (D:2)
  A wyvern (D:9)
  4 yaks (D:9)
  2 steam dragons
  A water moccasin (D:8)
  Duvessa (D:6)
  A black bear (D:3)
  A hornet zombie (D:6)
  An ice beast (D:4)
  2 necrophages (D:5)
  3 ogres
  5 centaurs
  A lemure (D:6)
  A kobold brigand (D:8)
  3 bullfrogs
  2 scorpions
  Dowan (D:6)
  A water moccasin skeleton (D:6)
  A killer bee (D:10)
  4 howler monkeys (D:9)
  A bullfrog zombie (D:5)
  A centaur zombie (D:5)
  3 orc priests
  A centaur skeleton (D:7)
  5 bullfrog skeletons
  Jessica (D:3)
  An orc wizard (D:4)
  A hound skeleton (D:5)
  A howler monkey zombie (D:6)
  5 adders
  3 gnolls (D:5)
  A river rat (D:8)
  2 white imps
  2 worms
  2 dart slugs (D:1)
  16 orcs
  6 bats
  3 endoplasms
  2 giant cockroaches
  5 hobgoblins
  4 jackals (D:1)
  12 kobolds
  5 ball pythons
  A frilled lizard (D:3)
  5 goblins
  5 rats
135 creatures vanquished.

Vanquished Creatures (collateral kills)
  2 killer bees (D:9)
  A centaur zombie (D:9)
3 creatures vanquished.

Vanquished Creatures (others)
  2 killer bees
2 creatures vanquished.

Grand Total: 140 creatures vanquished

Notes
Turn   | Place    | Note
-------+----------+-------------------------------------------
     0 | D:1      | browni3141 the Merfolk Gladiator began the quest for the
                  | Orb.
     0 | D:1      | Reached XP level 1. HP: 16/16 MP: 1/1
    65 | D:1      | Found Xoteuji's Antique Armour Shop.
   144 | D:1      | Found Raucorouve's Antique Weapon Boutique.
   220 | D:1      | Reached skill level 5 in Polearms
   360 | D:1      | Found Izxedyos's Distillery.
   376 | D:1      | Reached XP level 2. HP: 21/22 MP: 2/2
   547 | D:1      | Reached skill level 6 in Polearms
   547 | D:1      | Reached XP level 3. HP: 27/27 MP: 3/3
   584 | D:1      | Found Pinunuf's Assorted Antiques.
  1435 | D:2      | Noticed Sigmund
  1976 | D:3      | Reached skill level 7 in Polearms
  1976 | D:3      | Reached XP level 4. HP: 33/33 MP: 4/4
  2147 | D:3      | Noticed a steam dragon
  2148 | D:3      | a steam dragon changed into a bat
  2220 | D:3      | Reached skill level 8 in Polearms
  2220 | D:3      | Reached XP level 5. HP: 27/38 MP: 5/5
  2338 | D:3      | Found a white marble altar of Elyvilon.
  2366 | D:3      | Found a hazy altar of Hepliaklqana.
  2552 | D:3      | Found a broken altar of Ashenzari.
  2613 | D:3      | Noticed a black bear
  2624 | D:3      | Noticed Jessica
  2671 | D:3      | Killed Jessica
  2687 | D:3      | Killed a black bear
  2688 | D:3      | Reached skill level 9 in Polearms
  2688 | D:3      | Reached XP level 6. HP: 34/44 MP: 6/6
  3462 | D:3      | Reached skill level 10 in Polearms
  4140 | D:2      | Killed Sigmund
  4141 | D:2      | Reached skill level 11 in Polearms
  4141 | D:2      | Reached skill level 1 in Stealth
  4141 | D:2      | Reached XP level 7. HP: 7/51 MP: 7/7
  4477 | D:5      | Entered Level 5 of the Dungeon
  4477 | D:5      | Found an ancient bone altar of Kikubaaqudgha.
  4549 | D:5      | Reached skill level 1 in Shields
  4994 | D:5      | Reached XP level 8. HP: 58/58 MP: 8/8
  5238 | D:4      | Reached skill level 5 in Dodging
  5380 | D:5      | Reached skill level 12 in Polearms
  5873 | D:6      | Noticed Pikel
  5887 | D:6      | Killed Pikel
  5888 | D:6      | Reached XP level 9. HP: 46/66 MP: 9/9
  6156 | D:6      | Reached skill level 13 in Polearms
  6235 | D:6      | Noticed Duvessa
  6236 | D:6      | Noticed Dowan
  6251 | D:6      | Killed Duvessa
  6478 | D:6      | Killed Dowan
  6713 | D:6      | Found a staircase to the Ecumenical Temple.
  6754 | D:6      | Found a basalt altar of Yredelemnul.
  6789 | D:6      | Noticed Grinder
  6843 | Temple   | Entered the Ecumenical Temple
  7043 | Temple   | Became a worshipper of Xom of Chaos
  7077 | D:6      | XOM: potion effect (brilliance)
  7089 | D:6      | Killed Grinder
  7395 | D:7      | Reached skill level 5 in Fighting
  7836 | D:7      | XOM: stat loss: -1 Str (19/20)
  8000 | D:1      | Bought a pair of glowing boots for 142 gold pieces
  8009 | D:1      | XOM: god gift: scroll labelled POYTSI YVIOHUI {god gift}
  8070 | D:1      | Bought a steaming buckler for 218 gold pieces
  8070 | D:1      | Identified the +0 buckler "Hyrurgh" {Dex+4} (You bought it
                  | in a shop on level 1 of the Dungeon)
  8295 | D:8      | XOM: stealth player
  8301 | D:8      | Reached skill level 5 in Stealth
  8305 | D:8      | XOM: divination: magic mapping
  8335 | D:8      | Found a bloodstained altar of Trog.
  8413 | D:8      | XOM: enchant monster (good)
  8424 | D:8      | Reached skill level 14 in Polearms
  8597 | D:8      | Noticed Maurice
  8598 | D:8      | Noticed Maurice
  8598 | D:8      | Maurice changed into Maurice the river rat
  8608 | D:8      | Killed Maurice the river rat
  8626 | D:8      | Paralysed by an orc for 3 turns
  8748 | D:8      | Found an opulent altar of Gozag.
  8748 | D:8      | XOM: 7-stop teleportation journey
  8979 | D:8      | Found an iron altar of Okawaru.
  9366 | D:9      | XOM: scenery: create altars
  9483 | D:9      | Reached XP level 10. HP: 68/76 MP: 10/10
  9615 | D:9      | XOM: give mutation
  9615 | D:9      | Gained mutation: You expend magic power (3 MP) to
                  | strengthen your wands. [Xom's mischief]
  9728 | D:9      | XOM: noise
  9733 | D:9      | XOM: give mutation
  9733 | D:9      | Gained mutation: You are clumsy. (Dex -2) [Xom's mischief]
  9744 | D:9      | XOM: summons friendly iron imp
  9745 | D:9      | XOM: scenery: 1 doors close
  9762 | D:9      | Reached skill level 15 in Polearms
  9818 | D:9      | XOM: cloud trail
  9912 | D:9      | XOM: god gift: 21 stones
 10003 | D:9      | Identified a scroll of acquirement
 10005 | D:9      | Acquired the ring "Viapao" {rElec rN++ rCorr Str-3 SInv}
 10043 | D:9      | Noticed a two-headed ogre
 10047 | D:9      | XOM: potion effect (curing)
 10057 | D:9      | Killed a two-headed ogre
 10405 | D:10     | Entered Level 10 of the Dungeon
 10601 | D:10     | Found a blossoming altar of Fedhas.
 10839 | D:10     | XOM: enchant monster (good)
 10861 | D:10     | XOM: polymorph killer bee -> shapeshifter
 10861 | D:10     | Noticed a guardian serpent
 10861 | D:10     | a shapeshifter changed into a guardian serpent
 10870 | D:10     | Mangled by a guardian serpent (shapeshifter)

Illustrated notes

Levels and vault maps discovered:
D:1:      dpeg_arrival_signposts, layout_loops_ring, serial_shops, shop_coins,
          nicolae_shop_overgrown_old_shop, shop, nicolae_shop_waterfront
D:2:      layout_loops_corners, kennysheep_generic_room_8, uniq_sigmund
D:3:      layout_loops_cross, evilmike_ruin_ashenzari,
          mainiacjoe_overflow_two_lobes, minmay_misc_feat_tower, uniq_jessica
D:4:      layout_basic, grunt_ministairs_4
D:5:      minmay_evil_eye, layout_loops_ring, amcnicky_altar_gilded
D:6:      layout_loops_cross, mainiacjoe_overflow_alcove_1,
          minmay_temple_entry_mini_moons, uniq_pikel, uniq_duvessa, uniq_grinder
D:7:      layout_gridville
D:8:      layout_loops_ring, nicolae_gozag_cash_rules_everything_around_me,
          nicolae_overflow_hidden_temple, kennysheep_little_box, uniq_harold,
          uniq_maurice
D:9:      layout_roguey, kennysheep_generic_room_13
D:10:     layout_layer_cave, fedhas_altar_1, mainiacjoe_overflow_brackets,
          orc_0_dummy, kennysheep_dice
Temple:   grunt_temple_mini_profane

Skill      XL: |  1  2  3  4  5  6  7  8  9 10 |
---------------+-------------------------------+-----
Polearms       | 5 6 7 8 9 11 12 14 15 | 15.5
Stealth        | 1 2 4 5 6 |  6.8
Shields        | 1 3 4 |  4.0
Fighting       | 3 4 5 6 |  6.7
Dodging        | 6 7 8 |  8.6
Throwing       | |  2.0

Action                   |  1- 3 |  4- 6 |  7- 9 | 10-12 || total
-------------------------+-------+-------+-------+-------++-------
Melee: Trident           |   127 |   123 |   318 |    98 ||   666
Throw: Stone             |     2 |       |       |       ||     2
       Dart              |       |    12 |     5 |       ||    17
       Throwing net      |       |     3 |     4 |       ||     7
Evoke: Wand              |       |     1 |     2 |     7 ||    10
  Use: Potion            |       |     2 |       |     1 ||     3
       Scroll            |       |       |     4 |     9 ||    13
 Stab: Sleeping          |     4 |     4 |    11 |     4 ||    23
       Distracted        |       |     1 |     1 |     2 ||     4
       Held in net/web   |       |       |     2 |       ||     2
       Paralysed         |       |       |     1 |       ||     1
Armor: Leather armour    |    31 |    18 |    55 |    21 ||   125
Dodge: Dodged            |    78 |    50 |   109 |    70 ||   307
Block: Buckler           |       |     1 |    47 |    25 ||    73

Table legend: (Time is in decaauts)
 A = Elapsed time spent in this place.
 B = Non-inter-level travel time spent in this place.
 C = Inter-level travel time spent in this place.
 D = Time resting spent in this place.
 E = Time spent auto-exploring this place.
 F = Levels seen in this place.
 G = Mean time per level.
                   A        B        C        D        E       F      G
               +--------+--------+--------+--------+--------+-----+--------+
         Total |  10723 |   9790 |    933 |    379 |   7818 |  11 |  974.8 |
       Dungeon |  10510 |   9614 |    896 |    379 |   7645 |  10 | 1051.0 |
        Temple |    212 |    175 |     37 |      0 |    173 |   1 |  212.0 |
               +--------+--------+--------+--------+--------+-----+--------+

Top non-repeatable levels by time:
     D:5: 1377 daAuts
     D:2: 1330 daAuts
     D:3: 1314 daAuts
     D:1: 1179 daAuts
     D:9: 1114 daAuts
     D:6: 1082 daAuts
     D:4: 1077 daAuts
     D:8: 939 daAuts
     D:7: 641 daAuts
    D:10: 454 daAuts
  Temple: 212 daAuts
